 Dungeon Crawl Stone Soup version 0.29.0 (webtiles) character file.

Game seed: 3337835446976566537

263 PublicAnimeNo1 the Sneak (level 5, 0/33 HPs)
             Began as a Vampire Enchanter on Aug 29, 2022.
             Slain by a gnoll
             ... wielding a +0 spear
             ... led by a gnoll sergeant
              (4 damage)
             ... on level 4 of the Dungeon.
             The game lasted 00:06:18 (2925 turns).

PublicAnimeNo1 the Sneak (Vampire Enchanter)        Turns: 2925, Time: 00:06:18

Health: 0/33       AC:  2    Str:  7    XL:     5   Next: 98%
Magic:  0/8        EV: 12    Int: 19    God:
Gold:   201        SH:  0    Dex: 15    Spells: 6/8 levels left

rFire   . . .      SeeInvis +   a - +1 dagger
rCold   . . .      Faith    .   (no shield)
rNeg    . . .      Spirit   .   b - +0 robe
rPois   .          Reflect  .   (no helmet)
rElec   .          Harm     .   (no cloak)
rCorr   .          Rampage  .   (no gloves)
Will    .....                   (no boots)
Stlth   +++.......              (no amulet)
HPRegen 0.31/turn               (no ring)
MPRegen 0.11/turn               (no ring)

@: healing quickly
A: alive, fangs 3, see invisible, vampiric 2, [frail 1]
a: Exsanguinate


You were on level 4 of the Dungeon.
You visited 1 branch of the dungeon, and saw 4 of its levels.

You collected 201 gold pieces.

Inventory:

Hand Weapons
 a - a +1 dagger (weapon)
Armour
 b - a +0 robe (worn)
Jewellery
 l - a +4 ring of protection
Wands
 m - a wand of roots (5)
Scrolls
 f - 2 scrolls of teleportation
 h - 3 scrolls of poison
 n - a scroll of acquirement
 q - a scroll of enchant weapon {unknown}
Potions
 c - 2 potions of invisibility
 d - 2 potions of lignification
 e - 2 potions of degeneration
 g - a potion of haste {unknown}
 i - 2 potions of heal wounds {unknown}
 k - a potion of flight {unknown}
 o - a potion of curing {unknown}
 p - a potion of might {unknown}


   Skills:
 + Level 1.0 Fighting
 * Level 4.6 Short Blades
 - Level 2.1 Dodging
 + Level 6.3 Stealth
 - Level 2.0 Spellcasting
 + Level 5.8 Hexes


You had 6 spell levels left.
You knew the following spells:

 Your Spells              Type           Power      Damage    Failure   Level
a - Ensorcelled Hibernat  Hex/Ice        26%        N/A       8%          2

Your spell library contained the following spells:

 Spells                   Type           Power      Damage    Failure   Level
 Confusing Touch          Hex            24%        N/A       4%          3
 Tukima's Dance           Hex            24%        N/A       4%          3
 Dazzling Flash           Conj/Hex       26%        N/A       16%         3
 Scorch                   Fire           2%         2d5       26%         2
 Static Discharge         Conj/Air       1%         3-4/arc   26%         2
 Flame Wave               Conj/Fire      1%         2d4       86%         4
 Lightning Bolt           Conj/Air       0%         1d11      99%         5
 Summon Cactus Giant      Summ           0%         N/A       100%        6
 Maxwell's Capacitive Co  Air            0%         ∞         100%        8


Dungeon Overview and Level Annotations

Branches:
Dungeon (4/15)
 Temple: D:4-7

Altars:
Wu Jian


Innate Abilities, Weirdness & Mutations

Your natural rate of healing is accelerated.
You have razor-sharp teeth.
You have supernaturally acute eyesight. (SInv)
You are afflicted with vampirism and can become a bat while bloodless.
[You are frail. (-10% HP)]


Message History

You begin the revivification ritual.
You continue your ritual. x3
The gnoll hits you from afar with a +0 spear.
Continue your ritual?
You continue your ritual.
The gnoll closely misses you.
You continue your ritual.
The gnoll closely misses you.
You return to life.
You feel frail.
Aiming: Ensorcelled Hibernation (safe; 8% risk of failure)
Press: ? - help, Q - select action, (/) - cycle Shift-Dir - straight line, f - gnoll
Aim: a gnoll, wielding a +0 spear (chance to affect: 55%)
The gnoll resists with significant effort.
The gnoll hits you from afar with a +0 spear.
The gnoll hits you with a +0 spear.
Aiming: Ensorcelled Hibernation (safe; 8% risk of failure)
Press: ? - help, Q - select action, (/) - cycle Shift-Dir - straight line, f/p - gnoll
Aim: a gnoll, wielding a +0 spear (chance to affect: 55%)
The gnoll resists with significant effort.
The gnoll misses you.
Aiming: Ensorcelled Hibernation (safe; 8% risk of failure)
Press: ? - help, Q - select action, (/) - cycle Shift-Dir - straight line, f/p - gnoll
Aim: a gnoll, wielding a +0 spear (chance to affect: 55%)
The gnoll resists with significant effort.
The gnoll hits you with a +0 spear.
You closely miss the gnoll. The gnoll closely misses you.
You hit the gnoll but do no damage. You bite the gnoll.
The gnoll is lightly wounded.
The gnoll hits you with a +0 spear!
* * * LOW HITPOINT WARNING * * *
You hit the gnoll but do no damage.
The gnoll is lightly wounded.
The gnoll hits you with a +0 spear.
* * * LOW HITPOINT WARNING * * *
Aiming: Ensorcelled Hibernation (safe; 8% risk of failure)
Press: ? - help, Q - select action, (/) - cycle Shift-Dir - straight line, f/p - gnoll
Aim: a gnoll, wielding a +0 spear (lightly wounded, chance to affect: 55%)
The gnoll resists with significant effort.
The gnoll hits you with a +0 spear.
You die...

#############
#.....)<....###
..............###
................##
.................##
..................#
........@.........## #
.........g.........# ####
..................)###...
..................#......
#..............#........#
#....................####
##......###........### #.
###..## #.....#### ...
##. #...### ...##


You could see a gnoll.

Vanquished Creatures
  A black bear (D:4)
  A scorpion (D:2)
  6 adders
  A dart slug (D:1)
  5 orcs
  5 bats
  4 endoplasms
  2 giant cockroaches
  7 goblins
  6 hobgoblins
  6 kobolds
  4 quokkas
  4 ball pythons
  4 frilled lizards
  4 rats
60 creatures vanquished.

Notes
Turn   | Place    | Note
-------+----------+-------------------------------------------
     0 | D:1      | PublicAnimeNo1 the Vampire Enchanter began the quest for
                  | the Orb.
     0 | D:1      | Reached XP level 1. HP: 13/13 MP: 3/3
    58 | D:1      | Found a faded altar of an unknown god.
   184 | D:1      | Reached XP level 2. HP: 19/19 MP: 5/5
   206 | D:1      | Learned a level 2 spell: Ensorcelled Hibernation
   774 | D:2      | Reached skill level 5 in Stealth
   828 | D:2      | Gained mutation: You are afflicted with vampirism and can
                  | become a bat while bloodless. [Vampire growth]
   828 | D:2      | Reached XP level 3. HP: 19/21 MP: 6/6
   875 | D:2      | Noticed a scorpion
   882 | D:2      | Killed a scorpion
   883 | D:2      | Reached skill level 5 in Hexes
   883 | D:2      | Reached XP level 4. HP: 27/27 MP: 4/7
  2020 | D:3      | Reached XP level 5. HP: 27/35 MP: 5/8
  2148 | D:3      | Identified a scroll of acquirement
  2189 | D:3      | Reached skill level 6 in Stealth
  2261 | D:3      | Found an ornate altar of the Wu Jian Council.
  2857 | D:4      | Noticed a black bear
  2865 | D:4      | Killed a black bear
  2866 | D:4      | Reached skill level 1 in Fighting
  2925 | D:4      | Slain by a gnoll

Illustrated notes

Levels and vault maps discovered:
D:1:      scummos_arrival_checkerplants, layout_basic,
          ebering_ecumenical_altar_rust
D:2:      layout_loops_corners
D:3:      kennysheep_six_static_rooms, layout_loops_ring,
          mainiacjoe_overflow_alcove_4, wad_floor_pattern_untrapped
D:4:      cheibrodos_old_hovel, layout_cave_pods, lemuel_doored_altar,
          gammafunk_temple_overflow_elements, cheibrodos_sewer_entry_drain,
          uniq_ijyb, uniq_pargi, uniq_natasha

Skill      XL: |  1  2  3  4  5 |
---------------+----------------+-----
Short Blades   | 2 3 4 |  4.6
Stealth        | 5 6 |  6.3
Hexes          | 5 |  5.8
Fighting       | 1 |  1.0
Dodging        | |  2.1
Spellcasting   | |  2.0

Action                   |  1- 3 |  4- 6 || total
-------------------------+-------+-------++-------
Melee: Dagger            |    46 |    98 ||   144
       Bite              |     6 |     5 ||    11
 Cast: Ensorcelled Hiber |     2 |    14 ||    16
 Abil: Exsanguinate      |     1 |     2 ||     3
       Revivify          |     1 |     1 ||     2
  Use: Scroll            |       |     7 ||     7
 Stab: Sleeping          |     7 |    27 ||    34
Armor: Robe              |    10 |     4 ||    14
Dodge: Dodged            |    34 |    34 ||    68
